AoeStats
← Ezio

Arena

509759392Analyzed
3v3 RM · 5d ago on Sep 27, 2026· 59m 13s· 6 players
Game mode
Random Map
Map size
Normal (6 player)
Population
200
Speed
Normal
Resources
Standard
Victory
Conquest
Starting age
Dark Age
Ending age
Imperial Age
RankedLock teamsTeams togetherTeam positionsShared explorationLock speedFull tech treeHidden civsTurbo modeCheats
Victory
Defeat
🇦🇷 Franks · Argentina
1203
+10
🇦🇷 Vietnamese · Argentina
929
+20
🇦🇷 Goths · Argentina
854
+23
🇪🇸 Magyars · Spain
1048
-18
🇳🇮 Varangians · Nicaragua
1038
-18
🇺🇸 Franks · United States
1020
-17
MarrA
11:05 Feudal Age
12:02 Loom
15:35 Castle Age
13:53 Double-Bit Axe
14:53 Horse Collar
16:51 Bow Saw
18:30 Gold Mining
20:48 Stone Mining
20:37 Elite Skirmisher
23:03 Town Watch
24:42 Wheelbarrow
27:37 Husbandry
28:43 Pikeman
32:28 Imperial Age
30:33 Forging
31:13 Squires
32:09 Fletching
33:46 Heavy Plow
33:29 Halberdier
35:10 Ballistics
35:03 Scale Mail Armor
35:11 Bodkin Arrow
35:52 Paper Money
37:19 Chain Mail Armor
36:50 Imperial Skirmisher
38:42 Chemistry
38:16 Bracer
39:57 Padded Archer Armor
41:15 Leather Archer Armor
44:03 Scale Barding Armor
44:35 Iron Casting
45:06 Ring Archer Armor
46:06 Plate Mail Armor
47:19 Chain Barding Armor
50:25 Two-Man Saw
51:37 Elite Battle Elephant
54:33 Thumb Ring
56:07 Plate Barding Armor
57:37 Fortified Wall
JuanferQuintero
0:53 Loom
10:46 Feudal Age
11:55 Double-Bit Axe
11:54 Horse Collar
13:54 Wheelbarrow
17:21 Gold Mining
19:58 Castle Age
21:44 Bow Saw
23:31 Hand Cart
24:18 Heavy Plow
26:06 Pikeman
27:49 Fletching
28:47 Town Watch
31:46 Forging
32:01 Scale Mail Armor
32:47 Anarchy
35:21 Imperial Age
33:08 Squires
34:05 Chain Mail Armor
37:01 Iron Casting
37:18 Crop Rotation
41:08 Blast Furnace
41:17 Capped Ram
41:44 Elite Huskarl
Vicent 90
10:15 Feudal Age
14:44 Castle Age
13:06 Double-Bit Axe
15:50 Bow Saw
20:50 Loom
22:28 Wheelbarrow
21:43 Town Watch
29:02 Imperial Age
26:54 Hand Cart
28:07 Scale Barding Armor
29:12 Chain Barding Armor
29:32 Forging
29:15 Cavalier
30:32 Plate Barding Armor
30:45 Conscription
30:25 Gold Mining
30:26 Stone Mining
30:48 Bow Saw
31:56 Ballistics
32:01 Paladin
35:46 Iron Casting
36:10 Scale Mail Armor
36:14 Squires
35:59 Arson
36:01 Gambesons
37:22 Elite Throwing Axeman
40:05 Blast Furnace
40:46 Chemistry
44:14 Masonry
45:31 Fletching
45:59 Chain Mail Armor
50:45 Plate Mail Armor
50:14 Bodkin Arrow
57:14 Padded Archer Armor
56:40 Light Cavalry
57:26 Husbandry
Bucky
10:31 Feudal Age
14:29 Castle Age
13:03 Horse Collar
13:11 Double-Bit Axe
15:19 Loom
18:55 Wheelbarrow
22:44 Scale Barding Armor
23:31 Horse Collar
24:12 Bloodlines
24:56 Town Watch
25:25 Bow Saw
25:44 Gold Mining
26:44 Heavy Plow
28:06 Chain Barding Armor
27:58 Stone Mining
29:29 Hand Cart
33:14 Imperial Age
32:08 Husbandry
33:42 Fletching
33:15 Elite Skirmisher
34:01 Thumb Ring
33:29 Cavalier
35:32 Bodkin Arrow
37:20 Chemistry
36:40 Ballistics
37:10 Bracer
40:22 Padded Archer Armor
47:08 Leather Archer Armor
47:51 Plate Barding Armor
49:28 Ring Archer Armor
58:32 Paladin
Ezio
11:15 Feudal Age
15:37 Castle Age
14:54 Double-Bit Axe
17:21 Bow Saw
23:40 Gold Mining
23:44 Stone Mining
24:27 Loom
25:57 Wheelbarrow
25:42 Ordonnance Companies
27:27 Fletching
27:40 Padded Archer Armor
27:35 Town Watch
28:22 Bodkin Arrow
32:46 Imperial Age
31:03 Gold Shaft Mining
31:33 Leather Archer Armor
34:42 Chemistry
34:14 Conscription
33:22 Heavy Mounted Crossbowman
33:23 Cranequins
35:28 Husbandry
35:54 Cavalier
38:16 Pikeman
38:43 Arson
38:58 Squires
38:44 Gambesons
38:55 Halberdier
39:01 Halberdier
39:56 Forging
39:48 Scale Mail Armor
41:40 Ballistics
41:26 Siege Engineers
54:57 Iron Casting
54:37 Chain Mail Armor
Luzcius
10:30 Feudal Age
14:36 Castle Age
12:47 Double-Bit Axe
16:28 Horse Collar
21:11 Loom
21:49 Bloodlines
21:39 Husbandry
23:54 Bow Saw
23:54 Heavy Plow
25:09 Scale Barding Armor
26:11 Chain Barding Armor
28:11 Wheelbarrow
27:30 Town Watch
29:36 Forging
29:55 Squires
34:33 Imperial Age
32:10 Gold Mining
32:11 Stone Mining
32:41 Fletching
33:44 Hand Cart
34:09 Scale Mail Armor
35:08 Husbandry
36:11 Chain Mail Armor
35:31 Gothikon
37:48 Iron Casting
36:59 Pikeman
37:51 Elite Varangian Guard
38:40 Halberdier
41:23 Cavalier
44:15 Gambesons
44:15 Elite Skirmisher
44:24 Capped Ram
50:34 Siege Ram
Connection lost

Rejoining the realm…

Still unreachable

The connection could not be restored.

Session expired

The server has moved on; the page needs a fresh start.